Map: Ruins of Seras

Players

uThermal - Winner!

  • Race: Terran Terran
  • League: Grandmaster

PtitDrogo

  • Race: Protoss Protoss
  • League: Master

Event: DreamHack ZOWIE Open Leipzig

VOD

Have the link to the VOD?

Description

Time

  • Played on: Jan. 23, 2016, 3:01 p.m.
  • Length: 10:16

All games in this series

Show
View Real Time Build Order
Export as new Build Order

uThermal Terran - Winner!

Build Orders: Liberator Opening, Bio Tank 

Get SALT Encoding   

  12  0:01  SCV  
  13  0:13  SCV  
  14  0:18  Supply Depot  
  14  0:25  SCV  
  15  0:39  SCV  
  15  0:41  Barracks  
  16  0:45  Refinery  
  16  0:51  SCV  
  17  1:03  SCV  
  18  1:16  SCV  
  19  1:28  Barracks Reactor, Orbital Command  
  19  1:43  Command Center  
  19  1:52  Supply Depot  
  19  1:55  SCV  
  20  2:05  Marine  
  20  2:06  Marine  
  20  2:07  SCV  
  23  2:17  Factory  
  23  2:21  SCV  
  24  2:23  Marine  
  24  2:26  Marine  
  26  2:33  SCV  
  26  2:35  Refinery  
  27  2:41  Marine  
  27  2:44  Marine  
  29  2:45  SCV  
  30  2:57  SCV  
  31  2:59  Orbital Command  
  31  3:06  Factory Tech Lab, Starport  
  31  3:09  SCV  
  31  3:10  Marine  
  33  3:14  Marine  
  34  3:21  SCV  
  34  3:26  Cyclone  
  38  3:28  Marine  
  38  3:31  Marine  
  38  3:34  Supply Depot  
  40  3:36  SCV  
  40  3:38  SCV  
  42  3:46  Marine  
  43  3:49  Marine  
  43  3:54  SCV  
  45  3:56  Liberator  
  45  3:58  Siege Tank  
  45  4:02  Supply Depot  
  49  4:04  Marine  
  49  4:07  Marine  
  49  4:09  SCV  
  52  4:16  Supply Depot  
  54  4:23  SCV, Marine  
  55  4:25  SCV, Marine  
  57  4:35  SCV  
  57  4:37  SCV  
  55  4:47  SCV  
  55  4:48  Marine  
  55  4:49  SCV  
  55  4:51  Marine  
  58  5:00  SCV  
  58  5:02  SCV  
  58  5:06  Marine  
  60  5:09  Marine  
  60  5:12  SCV  
  60  5:14  SCV, Siege Tank  
  66  5:24  SCV, Marine  
  66  5:26  SCV  
  66  5:27  Marine  
  70  5:35  Barracks  
  70  5:36  Barracks  
  70  5:39  Supply Depot  
  70  5:41  Marine  
  70  5:42  SCV x2, Engineering Bay  
  73  5:45  Marine  
  73  5:47  Siege Tank  
  77  5:50  Refinery  
  77  5:51  Refinery  
  77  5:53  Supply Depot  
  77  5:54  SCV  
  78  6:01  SCV  
  78  6:03  Marine  
  80  6:06  SCV  
  81  6:12  Supply Depot  
  81  6:13  SCV  
  82  6:19  Siege Tank  
  82  6:21  Starport Reactor  
  82  6:22  Barracks  
  82  6:23  Barracks  
  85  6:27  SCV, Marine  
  85  6:28  Supply Depot  
  87  6:33  Barracks Tech Lab x2, Marine  
  87  6:38  SCV  
  87  6:39  SCV  
  90  6:45  Marine  
  91  6:49  Terran Infantry Weapons Level 1  
  91  6:53  Combat Shields, Stimpack, Marine  
  92  6:55  SCV  
  92  7:00  Marine  
  91  7:04  Marine  
  91  7:07  Supply Depot  
  86  7:09  Siege Tank  
  86  7:10  Marine  
  86  7:11  Marine  
  86  7:14  Medivac  
  91  7:19  Medivac  
  91  7:20  Marine  
  94  7:24  Marine  
  94  7:25  Marine  
  96  7:31  Supply Depot  
  96  7:34  Supply Depot  
  96  7:36  Marine  
  97  7:38  Marine  
  97  7:40  Marine  
  97  7:41  Siege Tank, Marine  
  103  7:48  Medivac  
  105  7:51  Supply Depot, Medivac  
  105  7:53  Marine  
  105  7:54  Marine  
  105  7:56  Marine  
  105  7:58  Marine  
  110  8:02  Marine x2  
  110  8:11  Marine  
  110  8:12  Marine  
  112  8:13  Siege Tank  
  112  8:17  Missile Turret  
  112  8:18  Medivac  
  117  8:20  Missile Turret, Marine  
  117  8:21  Medivac  
  117  8:22  Marine  
  117  8:23  Marine  
  117  8:25  Marine  
  122  8:29  Marine  
  122  8:31  Marine  
  123  8:38  Marine  
  123  8:40  Marine  
  124  8:41  Marine  
  124  8:42  Marine  
  124  8:45  Siege Tank  
  124  8:46  Marine  
  130  8:48  Medivac  
  130  8:49  Marine  
  130  8:51  Medivac  
  135  8:56  Marine  
  135  8:58  Marine  
  135  8:59  Marine  
  135  9:00  Marine  
  135  9:02  Supply Depot  
  139  9:04  Marine  
  139  9:07  Marine  
  140  9:14  Marine  
  140  9:16  Marine  
  141  9:17  Marine  
  141  9:18  Marine  
  141  9:23  Siege Tank, Marine  
  141  9:24  Supply Depot x2  
  146  9:28  Marine  
  141  9:40  Marine x2  
  119  9:47  Marine  
  119  9:48  Marine  
  119  9:50  Marine x2  
  117  9:58  Marine x2  
Show
View Real Time Build Order
Export as new Build Order

PtitDrogo Protoss 

Build Orders: 1 Gate Expand, Zealot Archon 

Get SALT Encoding   

  12  0:00  Probe (Chrono Boost)  
  13  0:11  Probe (Chrono Boost)  
  14  0:18  Pylon  
  14  0:22  Probe (Chrono Boost)  
  15  0:36  Probe (Chrono Boost)  
  15  0:37  Gateway  
  15  0:42  Assimilator  
  16  0:47  Probe (Chrono Boost)  
  17  0:57  Probe (Chrono Boost)  
  18  1:08  Probe (Chrono Boost)  
  20  1:18  Probe (Chrono Boost)  
  20  1:23  Nexus  
  20  1:33  Cybernetics Core  
  20  1:36  Probe (Chrono Boost)  
  21  1:42  Assimilator  
  21  1:46  Probe (Chrono Boost)  
  22  1:53  Pylon  
  22  1:57  Probe (Chrono Boost)  
  23  2:11  Adept (Chrono Boost), Warp Gate (Chrono Boost)  
  26  2:17  Mothership Core  
  27  2:34  Probe  
  27  2:36  Robotics Facility  
  28  2:39  Probe  
  29  2:45  Probe  
  29  2:51  Probe  
  31  2:55  Probe  
  32  3:03  Probe  
  33  3:06  Probe  
  33  3:12  Gateway  
  34  3:13  Gateway  
  34  3:15  Probe  
  34  3:17  Probe  
  36  3:23  Warp Prism (Chrono Boost)  
  38  3:27  Probe  
  38  3:29  Probe  
  38  3:33  Pylon  
  40  3:35  Pylon  
  40  3:39  Probe  
  40  3:41  Probe  
  42  3:51  Probe  
  42  3:53  Probe  
  42  3:54  Assimilator x2  
  45  3:56  Observer (Chrono Boost)  
  45  3:57  Twilight Council  
  45  4:03  Probe  
  45  4:05  Probe  
  45  4:09  Adept x2  
  51  4:10  Adept  
  51  4:15  Probe  
  54  4:17  Probe  
  54  4:21  Pylon  
  55  4:28  Probe  
  55  4:29  Pylon  
  55  4:35  Pylon  
  55  4:39  Adept x3  
  59  4:51  Probe  
  58  4:55  Probe  
  58  4:59  Immortal (Chrono Boost), Blink (Chrono Boost)  
  53  5:03  Probe  
  58  5:07  Probe  
  58  5:13  Stargate  
  59  5:15  Probe  
  59  5:19  Sentry x2, Probe  
  59  5:20  Stalker  
  67  5:28  Probe  
  62  5:31  Probe  
  62  5:34  Observer  
  64  5:44  Sentry, Nexus  
  64  5:45  Adept x2  
  64  5:46  Pylon  
  70  5:55  Probe x2  
  72  5:58  Robotics Bay, Phoenix  
  73  6:07  Stalker x3  
  73  6:09  Probe  
  77  6:12  Immortal  
  77  6:14  Probe  
  81  6:31  Stalker x2  
  81  6:32  Stalker  
  85  6:35  Archon  
  85  6:37  Gateway  
  85  6:38  Gateway  
  85  6:39  Gateway  
  85  6:51  Probe  
  86  7:03  Pylon  
  86  7:05  Probe  
  86  7:20  Phoenix (Chrono Boost)  
  86  7:21  Probe x2  
  90  7:27  Extended Thermal Lance (Chrono Boost)  
  90  7:30  Nexus, Pylon  
  90  7:34  Pylon  
  90  7:42  Resonating Glaives (Chrono Boost)  
  91  7:44  Probe  
  91  7:47  Colossus (Chrono Boost)  
  97  7:52  Adept x3  
  101  8:07  Adept x3  
  101  8:10  Probe  
  101  8:12  Probe, Forge  
  109  8:29  Pylon  
  109  8:31  Probe  
  110  8:34  Pylon  
  110  8:36  Colossus (Chrono Boost)  
  110  8:41  Probe  
  110  8:43  Stalker x4  
  110  8:48  Assimilator  
  125  8:55  Zealot x2  
  129  8:58  Templar Archives  
  129  9:13  Adept x4  
  137  9:20  Stalker  
  137  9:21  Stalker  
  139  9:24  Pylon  
  139  9:26  Pylon x2  
  115  9:41  Stalker  
  115  9:42  Stalker x3  
  85  9:52  High Templar x2  
  75  9:57  Archon  
  77  10:03  Pylon, Assimilator  
  77  10:09  Pylon  
  77  10:10  Zealot  

Tags
 
Add a new tag
Caveats
  • Supply blocks, unpowered buildings, or Contaminate may cause inaccurate times.
  • Supply counts are checked every 10 seconds.